 Dungeon Crawl Stone Soup version 0.25-b1-23-ge2ad7d536c (webtiles) character file.

Game seed: 8530053773852800904, levelgen mode: deterministic

330566 HungrySpirit the Executioner (level 20, -5/289 HPs)
             Began as a Minotaur Berserker on June 3, 2020.
             Was a High Priest of Trog.
             Slain by a deep troll shaman (29 damage)
             ... on level 2 of the Depths.
             The game lasted 01:44:30 (49171 turns).

HungrySpirit the Executioner (Minotaur Berserker)  Turns: 49171, Time: 01:44:30

Health: -5/289     AC: 28    Str: 25    XL:     20   Next: 85%
Magic:  21/21      EV: 16    Int:  5    God:    Trog [*****.]
Gold:   6108       SH:  0    Dex: 16    Spells: 19/19 levels left

rFire    + + +     SeeInvis .   T - +7 executioner's axe (vorpal)
rCold    + + .     Gourm    .   (shield currently unavailable)
rNeg     + . .     Faith    +   M - +4 plate armour {rF+}
rPois    +         Spirit   .   V - +0 hat {MR+}
rElec    +         Reflect  .   v - scarf {rC+ rF+}
rCorr    .         Harm     .   D - +0 pair of gloves "Yle Buir" {Dex+3 Slay+3}
MR       +++++                  h - +2 pair of boots of Witid {rElec rC+ Stlth+}
Stlth    ..........             G - amulet "Udiosidgh" {Faith rF++ rN+ MR+ Str-5}
HPRegen  1.58/turn              C - ring "Xeky" {rElec rF+ Str+3 Slay+3}
MPRegen  0.17/turn              A - ring of poison resistance

@: berserking, regenerating, very quick
A: retaliatory headbutt, horns 2
}: 2/15 runes: serpentine, barnacled
a: Berserk, Trog's Hand, Brothers in Arms, Renounce Religion


You were on level 2 of the Depths.
You worshipped Trog.
Trog was extremely pleased with you.
You were very hungry.

You visited 8 branches of the dungeon, and saw 38 of its levels.
You also visited: Gauntlet.

You collected 7988 gold pieces.
You spent 1880 gold pieces at shops.

Inventory:

Hand Weapons
 s - a +4 broad axe
 t - a +3 war axe of electrocution
 T - a +7 vorpal executioner's axe (weapon)
Missiles
 q - 5 throwing nets (quivered)
Armour
 h - the +2 pair of boots of Witid (worn) {rElec rC+ Stlth+}
   (You bought it in a shop on level 8 of the Dungeon)

   It protects you from cold.
   It insulates you from electricity.
   It makes you more stealthy.
 v - a scarf of resistance (worn)
 D - the +0 pair of gloves "Yle Buir" (worn) {Dex+3 Slay+3}
   (You found it on level 5 of the Lair of Beasts)

   It affects your dexterity (+3).
   It affects your accuracy and damage with ranged weapons and melee attacks
   (+3).
 M - a +4 plate armour of fire resistance (worn)
 S - a +0 crystal plate armour
 V - a +0 hat of magic resistance (worn)
 Z - a +0 kite shield
Jewellery
 d - an uncursed ring of resist corrosion
 A - a ring of poison resistance (right hand)
 C - the ring "Xeky" (left hand) {rElec rF+ Str+3 Slay+3}
   (You found it on level 1 of the Depths)

   [ring of protection from fire]

   It affects your strength (+3).
   It affects your accuracy and damage with ranged weapons and melee attacks
   (+3).
   It protects you from fire.
   It insulates you from electricity.
 G - the amulet "Udiosidgh" (around neck) {Faith rF++ rN+ MR+ Str-5}
   (You found it in a Gauntlet)

   [amulet of faith]

   It allows you to gain divine favour quickly.
   It affects your strength (-5).
   It greatly protects you from fire.
   It protects you from negative energy.
   It affects your resistance to hostile enchantments.
 N - the ring "Uvopy" {EV+4 Int+4}
   (You found it on level 13 of the Dungeon)

   [ring of evasion]

   It affects your evasion (+4).
   It affects your intelligence (+4).
Wands
 E - a wand of iceblast (15)
 U - a wand of acid (18)
 W - a wand of digging (12)
 X - a wand of clouds (12)
Scrolls
 f - 2 scrolls of fear
 g - a scroll of silence
 i - 9 scrolls of teleportation
 k - 3 scrolls of immolation
 m - 5 scrolls of fog
 n - 7 scrolls of noise
 p - 4 scrolls of magic mapping
 u - 7 scrolls of identify
 y - 5 scrolls of enchant armour
 B - 3 scrolls of holy word
 L - 3 scrolls of blinking
 P - a scroll of enchant weapon
 Q - 14 scrolls of remove curse
Potions
 b - 5 potions of lignification
 e - 4 potions of magic
 j - a potion of heal wounds
 l - 5 potions of haste
 o - 6 potions of flight
 w - a potion of cancellation
 x - 8 potions of stabbing
 z - 2 potions of mutation
 F - 7 potions of ambrosia
 H - 2 potions of resistance
 I - a potion of invisibility
 K - 4 potions of might
 O - 2 potions of berserk rage
 R - 11 potions of curing
Miscellaneous
 a - a tin of tremorstones (3/3)
 r - a phantom mirror
 J - a phial of floods
Comestibles
 c - 39 rations
 Y - 2 chunks of flesh


   Skills:
 * Level 20.1 Fighting
 * Level 25.5 Axes
 + Level 19.2 Armour
 + Level 13.6 Dodging
 - Level 15.0 Shields
 + Level 3.4 Evocations


You had 19 spell levels left.
You didn't know any spells.
Your spell library was empty.

Dungeon Overview and Level Annotations

Branches:
Dungeon (15/15)            Temple (0/1) D:4            Lair (6/6) D:10
 Shoals (4/4) Lair:3        Snake (4/4) Lair:3        Slime (0/5) Lair:6
    Orc (2/2) D:12            Elf (1/3) Orc:2        Vaults (4/5) D:13
  Crypt (0/3) Vaults:3     Depths (2/5) D:15        Gauntlet (visited)

Altars:
Cheibriados
Dithmenos
Elyvilon
Fedhas
Gozag
Hepliaklqana
Kikubaaqudgha
Nemelex Xobeh
Okawaru
Qazlal
Ru
Sif Muna
Uskayaw
Xom
Yredelemnul
Zin
The Shining One

Shops:
D:8 [   D:12 [   Orc:1 (*   Orc:2 %*?[!   Depths:2 (

Portals:
Hell: Depths:1

Annotations:
D:8 3 runed translucent doors, emikaela's ghost, novice FoCK
Lair:3 3 runed translucent doors, Kubamp's ghost, journeyman DEAE
Lair:6 exclusion: oklob plant
Depths:1 1 transporter, lmSkywalker's ghost, adept DrTm


Innate Abilities, Weirdness & Mutations

You reflexively headbutt those who attack you in melee.
You have a pair of horns on your head.


Message History

The deep troll claws you!!
* * * LOW HITPOINT WARNING * * *
The deep troll claws you!!
* * * LOW HITPOINT WARNING * * *
The spriggan completely misses you. The deep troll shaman misses you.
You furiously retaliate!
You headbutt the deep troll shaman.
The deep troll shaman barely misses you.
The deep troll shaman claws you but does no damage.
A red very ugly thing comes into view.
The deep troll misses you.
The deep troll claws you but does no damage.
The deep troll claws you!
* * * LOW HITPOINT WARNING * * *
The spriggan rider hits you but does no damage.
Okay, then.
A red film seems to cover your vision as you go berserk!
You feel yourself moving faster!
You feel mighty!
You are feeling very hungry.
The deep troll shaman bites you!!
You die... #P....≈≈≈ u. #P(....≈. ... #P.....≈. #''#############P....... ...u.PPPPPPPPPPPP.......

...................#....
.....i...#.#.≈≈.≈≈..# ##
#...Tii#...≈≈....#
##.TT@[).≈≈≈≈≈≈.######
#......)[).≈≈≈...#...#.
#.....####..)≈)........
##..## ###.≈.........
### ##............
#.............
#..≈...........
#..≈≈≈....)....
#..≈≈....≈.#...


You could see 2 very ugly things, a spriggan rider, a deep troll (fast, strong),
a deep troll shaman (fast, strong), 2 spriggans and a friendly deep troll
(summoned, berserk).

Vanquished Creatures
  Mara (Snake:4)
  Jorgrun (Snake:2)
  2 liches
  A kraken (Shoals:4)
  5 nagarajas
  Louise (D:14)
  A fire giant (Vaults:2)
  13 vault wardens
  3 frost giants
  2 deep elf sorcerers (Vaults:2)
  2 very ugly things
  A spriggan defender (Depths:2)
  8 ironheart preservers
  18 stone giants
  2 entropy weavers (Vaults:3)
  A deep elf demonologist (Vaults:4)
  2 deep elf annihilators
  Snorg (Lair:3)
  A deep elf death mage (Vaults:3)
  2 merfolk javelineers
  9 merfolk impalers
  Josephine (Lair:6)
  5 great orbs of eyes
  6 fire dragons
  2 vault guards (D:13)
  4 hydras
  9 yaktaur captains
  6 ice dragons
  19 naga warriors
  A catoblepas (Lair:6)
  2 rakshasas
  Erica (Lair:2)
  12 centaur warriors
  A death knight (Vaults:1)
  10 anacondas
  A merfolk aquamancer (Shoals:4)
  A dancing weapon (Vaults:2)
  5 death yaks (Lair:6)
  4 deep troll earth magi
  A deep troll shaman (Depths:2)
  44 two-headed ogres
  3 spriggan berserkers (Depths:2)
  13 ogre magi
  3 tengu warriors
  6 shock serpents
  13 naga sharpshooters
  4 deep elf knights
  2 shadow wraiths
  An iron troll (Depths:2)
  6 salamander mystics
  13 skeletal warriors
  2 unseen horrors
  6 sea snakes
  4 deep elf archers
  9 deep trolls
  2 spriggan druids (Depths:2)
  2 flayed ghosts
  An orange crystal statue (Vaults:4)
  6 naga ritualists
  8 wizards
  A glowing orange brain (Vaults:2)
  A sphinx zombie (Vaults:3)
  6 necromancers
  A phantasmal warrior (Vaults:2)
  8 ironbrand convokers
  5 mana vipers
  A harpy (shapeshifter) (Vaults:4)
  A mana viper (shapeshifter) (Vaults:3)
  3 harpies (Shoals:1)
  A wolf spider (Vaults:1)
  6 cyclopes
  12 orc knights
  16 ugly things
  2 tengu skeletons
  16 salamanders
  4 fauns
  A stone giant zombie (Depths:1)
  6 manticores
  5 deep elf magi
  22 black mambas
  A frost giant zombie (Vaults:3)
  A moth of wrath (shapeshifter) (Depths:2)
  15 vault sentinels
  A fire giant skeleton (Vaults:3)
  A stone giant skeleton (Vaults:2)
  2 merfolk sirens
  2 black mambas (shapeshifter)
  5 guardian serpents
  16 naga magi
  5 water nymphs
  49 yaktaurs
  6 spiny frogs
  A rime drake (Lair:6)
  3 centaur skeletons
  3 kobold demonologists
  4 human zombies (Vaults:3)
  6 freezing wraiths
  9 komodo dragons
  A yaktaur skeleton (Vaults:2)
  7 trolls
  A tengu conjurer (D:15)
  9 merfolk
  A human skeleton (Vaults:3)
  A polar bear (shapeshifter) (Vaults:2)
  2 jumping spiders (shapeshifter)
  8 hornets
  6 polar bears
  Grinder (D:4)
  5 wind drakes
  A sphinx simulacrum (Vaults:3)
  An ettin zombie (Vaults:3)
  5 snapping turtles
  3 dream sheep (Shoals:4)
  8 blink frogs
  A spriggan zombie (Depths:1)
  6 hippogriffs
  31 slime creatures
  A fire giant simulacrum (Vaults:2)
  5 flying skulls (Gauntlet)
  A meliai zombie (D:14)
  3 redbacks (Vaults:3)
  22 spriggans
  8 water elementals
  A tarantella (Vaults:3)
  4 wraiths (Lair:6)
  7 large abominations
  19 humans (D:13)
  3 basilisks
  An ettin skeleton (Vaults:3)
  23 yaks
  3 steam dragons
  6 hungry ghosts
  A swamp worm (shapeshifter) (Vaults:1)
  4 wargs
  5 acid dragons
  55 nagas
  2 swamp worms (Gauntlet)
  Edmund (D:4)
  A soldier ant (shapeshifter) (Vaults:1)
  7 porcupines
  17 water moccasins
  2 soldier ants
  44 orc warriors
  6 sky beasts
  4 black bears
  2 eyes of draining
  A sky beast (shapeshifter) (Vaults:2)
  A hornet zombie (D:7)
  An ettin simulacrum (Depths:1)
  An eye of draining (shapeshifter) (Vaults:2)
  7 ice beasts
  18 wolves (Lair:6)
  3 boggarts (Lair:6)
  A phantom (D:5)
  A necrophage (D:9)
  28 ogres
  31 centaurs
  8 small abominations
  An orc skeleton (Vaults:2)
  11 crocodiles
  4 big kobolds
  15 bullfrogs
  4 scorpions
  3 wyvern skeletons
  3 wights (D:13)
  3 killer bees (D:11)
  3 howler monkeys (D:12)
  An electric eel (Lair:2)
  8 crimson imps
  3 centaur zombies
  2 quasits
  27 orc wizards
  A gnoll shaman (D:7)
  13 orc priests
  9 hounds
  2 jellies
  4 bullfrog skeletons
  An iguana (D:13)
  7 worker ants
  2 hound zombies (D:10)
  A howler monkey zombie (D:5)
  10 adders
  9 gnolls
  4 shadow imps
  2 oozes
  3 adder skeletons
  5 worms
  2 dart slugs
  6 leopard geckos
  89 orcs
  4 giant cockroaches
  6 goblins
  11 hobgoblins
  7 jackals
  18 kobolds
  A quokka (D:9)
  5 bats
  3 frilled lizards
  A leopard gecko skeleton (D:4)
  3 rats
  4 bushes (D:14)
  7 fungi
  9 plants
  5 tentacles (Shoals:4)
1363 creatures vanquished.

Vanquished Creatures (collateral kills)
  Vashnia (Snake:2)
  Gastronok (Lair:2)
  Ilsuiw (Shoals:4)
  2 nagarajas (Snake:4)
  A spriggan defender (Depths:1)
  A stone giant (Vaults:2)
  A minotaur (Gauntlet)
  3 merfolk impalers (Shoals:4)
  A merfolk javelineer (Shoals:4)
  A hydra (D:11)
  A satyr (Shoals:2)
  A death knight (D:12)
  An alligator snapping turtle (Shoals:4)
  2 merfolk aquamancers (Shoals:4)
  3 two-headed ogres
  An ogre mage (Vaults:2)
  A naga sharpshooter (Snake:2)
  Urug (D:11)
  A deep elf knight (Vaults:2)
  A wizard (Depths:1)
  A deep elf archer (Vaults:2)
  2 fauns (Shoals:2)
  A deep elf mage (Vaults:2)
  A cyclops (Shoals:4)
  A merfolk siren (Shoals:4)
  A naga mage (Snake:4)
  2 yaktaurs
  A dream sheep (Shoals:4)
  A large abomination (Gauntlet)
  A warg (Vaults:2)
  A crocodile (Lair:6)
  3 small abominations (Gauntlet)
42 creatures vanquished.

Vanquished Creatures (others)
  A satyr (Shoals:3)
  An ogre mage (Vaults:2)
  An unseen horror (shapeshifter) (Vaults:2)
  A worker ant (D:14)
  A bush (D:14)
  11 fungi
  135 plants
  3 tentacles (Shoals:4)
  3 withered plants (Gauntlet)
157 creatures vanquished.

Grand Total: 1562 creatures vanquished

Notes
Turn   | Place    | Note
-------+----------+-------------------------------------------
     0 | D:1      | HungrySpirit the Minotaur Berserker began the quest for the
                  | Orb.
     0 | D:1      | Reached XP level 1. HP: 19/19 MP: 0/0
    26 | D:1      | Reached skill level 4 in Axes
   415 | D:1      | Reached XP level 2. HP: 26/26 MP: 1/1
  1141 | D:2      | Found a blossoming altar of Fedhas.
  1208 | D:2      | Reached skill level 5 in Axes
  1208 | D:2      | Reached XP level 3. HP: 31/31 MP: 2/2
  1642 | D:2      | Found a shimmering blue altar of Sif Muna.
  1643 | D:2      | Found a stormy altar of Qazlal.
  1644 | D:2      | Found a shadowy altar of Dithmenos.
  1644 | D:2      | Found a glowing silver altar of Zin.
  1645 | D:2      | Found a basalt altar of Yredelemnul.
  1645 | D:2      | Found a white marble altar of Elyvilon.
  1646 | D:2      | Found a sparkling altar of Nemelex Xobeh.
  1649 | D:2      | Found an iron altar of Okawaru.
  2159 | D:2      | Reached XP level 4. HP: 27/39 MP: 3/3
  2480 | D:2      | Noticed an ice beast
  2490 | D:2      | Killed an ice beast
  2490 | D:2      | Reached skill level 6 in Axes
  2490 | D:2      | Reached XP level 5. HP: 39/45 MP: 4/4
  2775 | D:3      | Reached ** piety under Trog
  3281 | D:3      | Reached skill level 7 in Axes
  3281 | D:3      | Reached XP level 6. HP: 52/52 MP: 5/5
  3795 | D:4      | Noticed Edmund
  3806 | D:4      | Killed Edmund
  3806 | D:4      | Reached skill level 5 in Armour
  3835 | D:4      | Found a shimmering altar of Xom.
  3933 | D:4      | Reached *** piety under Trog
  3933 | D:4      | Reached XP level 7. HP: 56/60 MP: 6/6
  3991 | D:4      | Reached skill level 8 in Axes
  4136 | D:4      | Reached skill level 5 in Fighting
  4167 | D:4      | Found a staircase to the Ecumenical Temple.
  4396 | D:4      | Noticed Grinder
  4407 | D:4      | Killed Grinder
  4407 | D:4      | Reached skill level 9 in Axes
  4503 | D:5      | Entered Level 5 of the Dungeon
  4532 | D:5      | Reached XP level 8. HP: 29/70 MP: 7/7
  4985 | D:5      | Got an encrusted whip
  4993 | D:5      | Identified the +0 whip of Taxation {drain, Int+5} (You
                  | found it on level 5 of the Dungeon)
  5360 | D:6      | Found a glowing golden altar of the Shining One.
  5625 | D:6      | Reached skill level 10 in Axes
  5669 | D:6      | Reached **** piety under Trog
  6057 | D:7      | Noticed a hippogriff
  6062 | D:7      | Killed a hippogriff
  6062 | D:7      | Reached XP level 9. HP: 79/79 MP: 8/8
  6116 | D:7      | Reached skill level 11 in Axes
  6987 | D:8      | Found a hide-covered altar of Uskayaw.
  7062 | D:8      | Found Motim's Armour Shop.
  7069 | D:8      | Reached skill level 12 in Axes
  7184 | D:8      | Found a runed translucent gate.
  7184 | D:8      | Found a runed translucent gate.
  7185 | D:8      | Found a runed translucent gate.
  7185 | D:8      | Noticed emikaela's ghost (novice FoCK)
  7398 | D:8      | Found a hazy altar of Hepliaklqana.
  7550 | D:9      | Noticed a kobold demonologist
  7565 | D:9      | Killed a kobold demonologist
  7762 | D:9      | Noticed a two-headed ogre
  7766 | D:9      | Killed a two-headed ogre
  7766 | D:9      | Reached skill level 1 in Shields
  7766 | D:9      | Reached XP level 10. HP: 90/90 MP: 9/9
  7906 | D:9      | Found an opulent altar of Gozag.
  8093 | D:10     | Entered Level 10 of the Dungeon
  8321 | D:10     | Found a staircase to the Lair.
  8342 | D:10     | Reached skill level 5 in Dodging
  8515 | D:10     | Reached ***** piety under Trog
  8608 | D:10     | Reached skill level 13 in Axes
  8997 | D:11     | Found a gate leading to a gauntlet.
  9010 | Gauntlet | Entered a Gauntlet
  9010 | Gauntlet | Found a transporter.
  9010 | Gauntlet | Found a transporter.
  9010 | Gauntlet | Noticed a death scarab
  9012 | Gauntlet | Found a transporter.
  9032 | Gauntlet | Found a transporter.
  9046 | Gauntlet | Found a transporter.
  9055 | Gauntlet | Noticed a wretched star
  9056 | Gauntlet | Found a transporter.
  9091 | Gauntlet | Found a transporter.
  9108 | Gauntlet | Found a transporter.
  9112 | Gauntlet | Found a transporter.
  9124 | Gauntlet | Found a transporter.
  9126 | Gauntlet | Found a transporter.
  9223 | Gauntlet | Got a shimmering golden amulet
  9224 | Gauntlet | Identified the amulet "Udiosidgh" {Faith rF++ rN+ MR+
                  | Str-5} (You found it in a Gauntlet)
  9240 | Gauntlet | Reached skill level 10 in Armour
  9245 | Gauntlet | Reached skill level 5 in Shields
  9248 | Gauntlet | Reached XP level 11. HP: 97/97 MP: 10/10
  9337 | Gauntlet | Reached skill level 14 in Axes
  9363 | Gauntlet | Got a pair of warped gloves
  9385 | Gauntlet | Identified the cursed +0 pair of gloves of Light {Harm
                  | rCorr Stlth+} (You found it in a Gauntlet)
  9385 | Gauntlet | Identified the +4 morningstar "Tumah" {flame, rF+ Int+5
                  | Dex+2 SInv}
  9385 | Gauntlet | Noticed a minotaur
  9395 | Gauntlet | Killed a minotaur
  9407 | Gauntlet | Identified Wequn's Grimoire of the Ashen Blaze
 10229 | D:11     | Received a gift from Trog
 10646 | D:11     | Noticed an orc knight
 10715 | D:11     | Killed an orc knight
 10715 | D:11     | Reached skill level 15 in Axes
 10835 | D:11     | Noticed a four-headed hydra
 10854 | D:11     | Killed a four-headed hydra
 10909 | D:11     | Noticed Urug
 10929 | D:11     | Killed Urug
 11270 | D:12     | Noticed a death knight
 11524 | Lair:1   | Entered Level 1 of the Lair of Beasts
 11863 | Lair:1   | Reached XP level 12. HP: 94/104 MP: 11/11
 12176 | Lair:1   | Reached skill level 16 in Axes
 12733 | Lair:2   | Noticed Gastronok
 12768 | Lair:2   | Killed Gastronok
 13047 | Lair:2   | Noticed Erica
 13428 | Lair:2   | Killed Erica
 13866 | Lair:3   | Found a staircase to the Shoals.
 13925 | Lair:3   | Noticed Kubamp's ghost (journeyman DEAE)
 13984 | Lair:3   | Noticed Snorg
 13995 | Lair:3   | Killed Snorg
 14121 | Lair:3   | Found a runed translucent gate.
 14121 | Lair:3   | Found a runed translucent gate.
 14121 | Lair:3   | Found a runed translucent gate.
 14125 | Lair:3   | Found a staircase to the Snake Pit.
 14889 | Lair:4   | Reached skill level 10 in Fighting
 15173 | Lair:4   | Reached skill level 17 in Axes
 15689 | Lair:5   | You fall into a shaft and drop 1 floor!
 15689 | Lair:6   | Entered Level 6 of the Lair of Beasts
 15689 | Lair:6   | Noticed a death yak
 15689 | Lair:6   | Noticed a death yak
 15690 | Lair:6   | Noticed a death yak
 15690 | Lair:6   | Noticed a death yak
 15690 | Lair:6   | Noticed a death yak
 15960 | Lair:6   | Noticed a catoblepas
 15968 | Lair:6   | Noticed a seven-headed hydra
 15973 | Lair:6   | Killed a catoblepas
 16205 | Lair:5   | Reached XP level 13. HP: 113/113 MP: 12/12
 16455 | Lair:5   | Got a sparkling platinum amulet
 16515 | Lair:5   | Got a pair of faintly glowing gloves
 16534 | Lair:5   | Identified the +0 pair of gloves "Yle Buir" {Dex+3 Slay+3}
                  | (You found it on level 5 of the Lair of Beasts)
 16546 | Lair:5   | Identified the amulet of the Catamount {Acrobat *Slow rElec
                  | rPois rC+} (You found it on level 5 of the Lair of Beasts)
 16634 | Lair:5   | Reached skill level 10 in Shields
 17184 | Lair:6   | Found a staircase to the Slime Pits.
 17578 | Lair:6   | Reached skill level 18 in Axes
 17877 | Lair:6   | Paralysed by a hornet for 1 turns
 18523 | Lair:6   | Received a gift from Trog
 18641 | Lair:6   | Noticed Josephine
 18651 | Lair:6   | Killed Josephine
 18966 | D:8      | Bought the +2 pair of boots of Witid {rElec rC+ Stlth+} for
                  | 459 gold pieces
 19059 | D:12     | Found a staircase to the Orcish Mines.
 19335 | D:12     | Reached XP level 14. HP: 96/125 MP: 13/13
 19792 | D:12     | Found Dium's Armour Shoppe.
 20177 | Orc:1    | Entered Level 1 of the Orcish Mines
 20235 | Orc:1    | Noticed a stone giant
 20250 | Orc:1    | Killed a stone giant
 20441 | Orc:1    | Found Qathaw's Mayhem Merchandise.
 20632 | Orc:1    | Found Nap Joe's Antique Weapon Shoppe.
 20727 | Orc:2    | Entered Level 2 of the Orcish Mines
 21062 | Orc:2    | Reached ****** piety under Trog
 21220 | Orc:2    | Found a staircase to the Elven Halls.
 21315 | Elf:1    | Entered Level 1 of the Elven Halls
 21337 | Orc:2    | Found Zoel's Food Shop.
 21440 | Orc:2    | Reached skill level 19 in Axes
 21815 | Orc:2    | Found Nibon's Magic Scroll Emporium.
 21815 | Orc:2    | Found Pivauhab's Armour Shop.
 21817 | Orc:2    | Found Vitav's Distillery.
 21819 | Orc:2    | Found Nuoted's Assorted Antiques.
 21830 | Orc:2    | Bought a potion of stabbing for 52 gold pieces
 21830 | Orc:2    | Bought a potion of heal wounds for 65 gold pieces
 21830 | Orc:2    | Bought a potion of invisibility for 104 gold pieces
 21833 | Orc:2    | Bought 3 scrolls of enchant weapon for 360 gold pieces
 21833 | Orc:2    | Bought a scroll of blinking for 120 gold pieces
 21835 | Orc:2    | Bought a scroll of holy word for 120 gold pieces
 21936 | D:8      | Bought a +4 plate armour of fire resistance for 600 gold
                  | pieces
 22101 | D:13     | Received a gift from Trog
 22332 | D:13     | Found a gate to the Vaults.
 22448 | D:13     | Got a flickering marble ring
 22478 | D:13     | Identified the ring "Uvopy" {EV+4 Int+4} (You found it on
                  | level 13 of the Dungeon)
 23112 | Snake:1  | Entered Level 1 of the Snake Pit
 23898 | Snake:1  | Received a gift from Trog
 23986 | Snake:1  | Reached XP level 15. HP: 130/135 MP: 14/14
 24410 | Snake:1  | Reached skill level 20 in Axes
 24903 | Snake:2  | Found a snail-covered altar of Cheibriados.
 24915 | Snake:2  | Noticed Jorgrun
 24933 | Snake:2  | Killed Jorgrun
 25202 | Snake:2  | Noticed Vashnia
 25504 | Snake:2  | Killed Vashnia
 25504 | Snake:2  | Reached skill level 15 in Armour
 26563 | Snake:3  | Received a gift from Trog
 26754 | Snake:3  | Noticed a nagaraja
 26954 | Snake:3  | Killed a nagaraja
 28182 | Snake:4  | Entered Level 4 of the Snake Pit
 28205 | Snake:4  | Noticed a nagaraja
 28205 | Snake:4  | Noticed Mara
 28225 | Snake:4  | Killed a nagaraja
 28284 | Snake:4  | Noticed HungrySpirit's illusion
 28296 | Snake:4  | Killed Mara
 28296 | Snake:4  | Reached skill level 21 in Axes
 28296 | Snake:4  | Reached XP level 16. HP: 63/145 MP: 15/15
 29097 | Snake:4  | Received a gift from Trog
 29106 | Snake:4  | Got a dazzling war axe {god gift}
 29212 | Snake:4  | Identified the +4 war axe of Weumem {flame, rN+ Str-3 Int+2
                  | Dex+9} (Trog gifted it to you on level 4 of the Snake Pit)
 29215 | Snake:4  | Identified a scroll of acquirement
 31063 | Snake:4  | Received a gift from Trog
 31187 | Snake:4  | Got a serpentine rune of Zot
 31533 | Vaults:1 | Entered Level 1 of the Vaults
 32116 | Vaults:1 | Reached XP level 17. HP: 93/154 MP: 16/16
 32119 | Vaults:1 | Reached skill level 22 in Axes
 32389 | Vaults:1 | Reached skill level 15 in Fighting
 32653 | Vaults:1 | Received a gift from Trog
 33456 | Vaults:1 | Noticed a lich
 33472 | Vaults:1 | Killed a lich
 33905 | Vaults:2 | Reached skill level 15 in Shields
 34051 | Vaults:2 | Received a gift from Trog
 34051 | Vaults:2 | Reached skill level 10 in Dodging
 34054 | Vaults:2 | Got a translucent lajatang {god gift}
 34055 | Vaults:2 | Identified the +7 lajatang "Odogyb" {flame, Stlth+} (Trog
                  | gifted it to you on level 2 of the Vaults)
 34807 | Vaults:2 | Received a gift from Trog
 35071 | Vaults:2 | Reached skill level 23 in Axes
 35087 | Vaults:2 | Reached XP level 18. HP: 94/166 MP: 17/17
 35990 | Vaults:2 | Received a gift from Trog
 37405 | Vaults:3 | Received a gift from Trog
 38197 | Vaults:3 | Received a gift from Trog
 39020 | Vaults:3 | Reached XP level 19. HP: 162/177 MP: 18/18
 39032 | Vaults:3 | Got a clouded granite ring
 39033 | Vaults:3 | Identified the cursed ring "Ehisewecw" {Int+2 Dex-4} (You
                  | found it on level 3 of the Vaults)
 39258 | Vaults:3 | Reached skill level 24 in Axes
 39469 | Vaults:3 | Found a staircase to the Crypt.
 39469 | Vaults:3 | Found a basalt altar of Yredelemnul.
 39470 | Vaults:3 | Found an ancient bone altar of Kikubaaqudgha.
 40198 | Vaults:4 | Received a gift from Trog
 40424 | Vaults:4 | Noticed a Tzitzimitl
 41556 | D:14     | Noticed Louise
 41566 | D:14     | Killed Louise
 41592 | D:14     | Received a gift from Trog
 41714 | D:14     | Found a sacrificial altar of Ru.
 42108 | D:15     | Entered Level 15 of the Dungeon
 42284 | D:15     | Found a staircase to the Depths.
 42549 | D:15     | Received a gift from Trog
 42624 | D:15     | Found an opulent altar of Gozag.
 44130 | Shoals:1 | Entered Level 1 of the Shoals
 44637 | Shoals:2 | Reached XP level 20. HP: 130/191 MP: 19/19
 44841 | Shoals:4 | Entered Level 4 of the Shoals
 45280 | Shoals:4 | Noticed Ilsuiw
 45307 | Shoals:4 | Killed Ilsuiw
 45512 | Shoals:3 | Reached skill level 25 in Axes
 45516 | Shoals:3 | Received a gift from Trog
 46298 | Shoals:4 | Reached skill level 1 in Evocations
 46348 | Shoals:4 | Got a barnacled rune of Zot
 46601 | Depths:1 | Entered Level 1 of the Depths
 46763 | Depths:1 | Found a gateway to Hell.
 46888 | Depths:1 | Found a transporter.
 46888 | Depths:1 | Noticed lmSkywalker's ghost (adept DrTm)
 46889 | Depths:1 | Found a transporter.
 46903 | Depths:1 | Identified the ring of New Discoveries {rF++ rC+ MR+ MP+9
                  | Dex-2}
 46988 | Depths:1 | Received a gift from Trog
 48521 | Depths:1 | Got a glittering copper ring
 48710 | Depths:1 | Identified the ring "Xeky" {rElec rF+ Str+3 Slay+3} (You
                  | found it on level 1 of the Depths)
 48781 | Depths:2 | Found Sivenech's Antique Weapon Emporium.
 49136 | Depths:2 | Received a gift from Trog
 49171 | Depths:2 | Slain by a deep troll shaman

Illustrated notes

Levels and vault maps discovered:
D:1:      dpeg_arrival_morbid_curiosity, layout_loops_ring,
          hangedman_decor_growths
D:2:      layout_basic, minitemple, fedhas_altar_3
D:3:      layout_loops_cross, cheibrodos_sewer_entry_bend, minmay_circle_x
D:4:      layout_cave_pools, xom_teletrap_fun, minmay_temple_entry_grid,
          first_ration, serial_bayou_pond_d,
          hangedman_abyss_or_decor_jellyfish_corner, uniq_edmund, uniq_grinder
D:5:      layout_loops_cross
D:6:      kennysheep_steamy, layout_rooms, lemuel_crystal_altar
D:7:      layout_rooms, dk_vineyard_2
D:8:      layout_loops_ring, lemuel_crystal_altar,
          lemuel_coloured_pillars_altar, ebering_ghost_rock_garden,
          serial_shops, shop, hangedman_pestilent_swarm, amethyst_killhole
D:9:      layout_cave_pools, lemuel_altar_in_water
D:10:     layout_loops_cross, david_lair_shrubbed
D:11:     layout_loops_ring, gauntlet_entry_generic, uniq_urug
D:12:     layout_loops_cross, david_orc_3, serial_shops,
          nicolae_shop_statue_plus, drop_trap
D:13:     layout_gridville, grunt_vaults_entry_tiered
D:14:     layout_big_octagon, minmay_misc_feat_chi, minmay_hedge_maze,
          nicolae_ru_awakened_eye, uniq_louise
D:15:     grunt_enter_depths_magical_seal, layout_layer_cave, basic_altar,
          nrook_uturn, nrook_mini_backslash
Lair:1:   layout_gridlike, beast_lair_carwin_6
Lair:2:   layout_gridlike, st_stairs_8, uniq_gastronok, uniq_erica
Lair:3:   layout_chaotic_city, elwin_shoals_entry_rocks,
          minmay_snake_entry_spellcaster, gammafunk_ghost_icy, st_stairs_5,
          lemuel_fruit_fields, uniq_snorg
Lair:4:   layout_gridlike, grunt_megastairs_2, infiniplex_staircase_pool
Lair:5:   layout_big_grid
Lair:6:   minmay_lair_end_enchanted_forest, layout_cave_pods,
          minmay_slime_entry_oklob_open, uniq_josephine
Shoals:1: layout_shoals, ebering_ghost_rock_garden
Shoals:2: layout_shoals
Shoals:3: layout_shoals, serial_shops, shop,
          nicolae_shoals_siren_and_animal_friends
Shoals:4: shoals_end_grunt_ice, layout_shoals, shoals_ilsuiw_ice
Snake:1:  layout_layer_cave
Snake:2:  layout_misc_corridors, basic_altar, statue_in_the_mist_lemuel,
          st_stairs_10, serial_bayou_shore_b, uniq_jorgrun, uniq_vashnia
Snake:3:  layout_misc_corridors
Snake:4:  johnstein_snake_rune_scales, layout_grid_shapes,
          serial_bayou_lagoon_a, uniq_mara
Orc:1:    layout_caves, serial_shops, nicolae_shop_behind_doors,
          minmay_shop_mayhem
Orc:2:    st_orc_rangers, layout_caves, serial_shops, shop
Elf:1:    eino_elf_arrival_shootout, layout_rooms, minmay_elf_crystal_heptagon,
          uniq_donald
Vaults:1: ontoclasm_vaults_ring_large, nicolae_vaults_fighting_squares,
          dpeg_vaults_monster_row, v_alt_pattern_6, vaults_room_door_hall,
          nicolae_vaults_network_quinsquares
          [nicolae_vaults_network_quincunx_subvault,
          nicolae_vaults_network_quincunx_subvault,
          nicolae_vaults_network_quincunx_subvault,
          nicolae_vaults_network_quincunx_subvault], v_misc_19,
          hangedman_vaults_nails, hangedman_vaults_slice,
          layout_vaults_quadrants
Vaults:2: vaults_mumra_hex, v_misc_32, ontoclasm_vaults_water_temple, v_rooms_2,
          vaults_mumra_minichess, nicolae_vaults_triangles, v_misc_5,
          nicolae_vaults_angled_halls, nicolae_vaults_diagonal_hallway_6,
          nicolae_vaults_little_squares_1, nicolae_vaults_theta,
          ontoclasm_vaults_ligature, layout_vaults_big_cross
Vaults:3: minmay_crypt_entry_necro_gods, grunt_vaults_twisty, dpeg_vaults_waves,
          vaults_room_stairs_pillars, nicolae_vaults_little_squares_6,
          v_misc_27, vaults_room_pools, layout_vaults_chaotic_city
Vaults:4: vaults_room_semicircle, nicolae_vaults_statue_guard,
          hangedman_vaults_corner_blocks, grunt_vaults_hallway_short,
          ontoclasm_vaults_chip, v_misc_15, vaults_room_semicircle,
          ontoclasm_vaults_twist, vaults_room_hallway,
          nicolae_vaults_diagonal_hallway_7, ontoclasm_vaults_ring_small,
          layout_vaults_maze_snakey
Depths:1: layout_gridlike, hell_entry, gammafunk_ghost_arena, moated_statue,
          grunt_ministairs_3, laboratory
Depths:2: minmay_spriggan_fort, layout_cave_pools, hell_entry,
          minmay_misc_feat_roman, serial_shops, nicolae_shop_crystal,
          abyss_entry_crystal, minmay_strange_pillars

Skill      XL: |  1  2  3  4  5  6  7  8  9 10 11 12 13 14 15 16 17 18 19 20 |
---------------+-------------------------------------------------------------+-----
Axes           | 4 5 6 7 9 10 12 13 15 17 18 19 21 23 24 25 | 25.5
Armour         | 3 4 5 6 7 8 10 11 12 13 14 15 16 17 18 19 | 19.2
Fighting       | 4 5 7 8 9 10 11 13 14 15 17 19 20 | 20.1
Dodging        | 4 5 7 9 10 11 12 13 | 13.6
Shields        | 1 5 8 9 11 12 13 14 15 | 15.0
Evocations     | 3 |  3.4

Action                   |  1- 3 |  4- 6 |  7- 9 | 10-12 | 13-15 | 16-18 | 19-21 || total
-------------------------+-------+-------+-------+-------+-------+-------+-------++-------
Melee: Hand axe          |    77 |   126 |    14 |       |       |       |       ||   217
       Headbutt          |    10 |    15 |    41 |    69 |   219 |   330 |   216 ||   900
       War axe           |       |       |   222 |   488 |  1104 |  1292 |   222 ||  3328
       Executioner's axe |       |       |       |       |       |       |   613 ||   613
Invok: Berserk           |     2 |     4 |    11 |    18 |     9 |     5 |     4 ||    53
       Brothers in Arms  |       |       |       |     9 |     4 |     5 |     8 ||    26
       Trog's Hand       |       |       |       |     4 |     1 |     8 |     6 ||    19
Evoke: Wand              |       |       |       |       |     1 |       |       ||     1
  Use: Scroll            |       |       |    10 |    13 |    10 |    11 |    20 ||    64
       Potion            |       |       |       |     8 |       |     2 |     7 ||    17
 Stab: Sleeping          |     1 |       |       |       |       |       |       ||     1
       Distracted        |       |       |       |     1 |     1 |     1 |     1 ||     4
  Eat: Chunk             |     4 |     8 |    22 |    41 |    33 |    28 |    22 ||   158
       Ration            |       |     1 |       |     3 |     5 |     5 |     6 ||    20
Armor: Animal skin       |     2 |       |       |       |       |       |       ||     2
       Leather armour    |    14 |    28 |    17 |       |       |       |       ||    59
       Ring mail         |       |       |    16 |       |       |       |       ||    16
       Plate armour      |       |       |    72 |   212 |   360 |   280 |   375 ||  1299
       Skin              |       |       |       |     3 |       |       |       ||     3
Dodge: Dodged            |    48 |    43 |    90 |   156 |   229 |   358 |   568 ||  1492
Block: Kite shield       |       |       |       |    20 |   498 |   553 |   103 ||  1174
